 Dungeon Crawl Stone Soup version 0.28-a0-906-g0406aca7d3 (webtiles) character file.

Game seed: 11625565590728640017

618 siradein the Twirler (level 7, -4/61 HPs)
             Began as a Minotaur Gladiator on Nov 24, 2021.
             Was an Initiate of Okawaru.
             Succumbed to Duvessa's poison
             ... on level 5 of the Dungeon.
             The game lasted 00:13:42 (4557 turns).

siradein the Twirler (Minotaur Gladiator)           Turns: 4557, Time: 00:13:43

Health: -4/61      AC:  5    Str: 19    XL:     7   Next: 21%
Magic:  6/6        EV: 13    Int:  5    God:    Okawaru [......]
Gold:   190        SH:  0    Dex: 13    Spells: 6/6 levels left

rFire   . . .      SeeInvis .   a - +0 quarterstaff
rCold   + . .      Faith    .   (shield currently unavailable)
rNeg    . . .      Spirit   .   g - +0 ring mail
rPois   .          Reflect  .   (helmet restricted)
rElec   .          Harm     .   (no cloak)
rCorr   .          Rampage  .   (no gloves)
Will    .....                   (no boots)
Stlth   +.........              (no amulet)
HPRegen 0.20/turn               h - ring of flight
MPRegen 0.10/turn               i - ring of protection from cold

@: lethally poisoned (-4 -> -24), flying
A: horns 2, retaliatory headbutt
a: Renounce Religion


You were on level 5 of the Dungeon.
You worshipped Okawaru.
Okawaru was noncommittal.
You visited 2 branches of the dungeon, and saw 6 of its levels.

You collected 190 gold pieces.

Inventory:

Hand Weapons
 a - a +0 quarterstaff (weapon)
Missiles
 d - a throwing net (quivered)
 l - 28 arrows
Armour
 g - a +0 ring mail (worn)
Jewellery
 h - a ring of flight (left hand)
 i - a ring of protection from cold (right hand)
Wands
 r - a wand of flame (20)
Scrolls
 b - a scroll of amnesia
 c - a scroll of enchant weapon
 e - 3 scrolls of blinking
 k - 2 scrolls of teleportation
Potions
 f - 2 potions of curing
 j - a potion of might
 m - a potion of heal wounds
 n - a potion of mutation {unknown}
 o - a potion of ambrosia {unknown}
 q - a potion of magic {unknown}


   Skills:
 + Level 5.3 Fighting
 + Level 6.0 Staves
 - Level 2.0 Throwing
 + Level 4.1 Armour
 + Level 5.4 Dodging


You had 6 spell levels left.
You didn't know any spells.
Your spell library was empty.

Dungeon Overview and Level Annotations

Branches:
Dungeon (5/15)             Temple (1/1) D:5

Altars:
Ashenzari
Dithmenos
Fedhas
Gozag
Kikubaaqudgha
Makhleb
Nemelex Xobeh
Okawaru
Qazlal
Vehumet
Xom
Zin

Shops:
D:1 [

Annotations:
D:5 Dowan, Duvessa


Innate Abilities, Weirdness & Mutations

You have a pair of horns on your head.
You reflexively headbutt those who attack you in melee.


Message History

Duvessa, Sister of Dowan comes into view.
She is wielding a +4 short sword of venom.
Duvessa moves out of view.
Duvessa shouts!
Duvessa is nearby!
You start resting.
Duvessa is nearby!
You closely miss Duvessa.
Duvessa hits you with a +4 short sword of venom.
You are poisoned.
You hit Duvessa but do no damage. You headbutt Duvessa, but do no damage.
You feel very sick. Duvessa barely misses you.
You barely miss Duvessa.
You feel sick. Duvessa barely misses you.
You hit Duvessa.
Duvessa is lightly wounded.
You feel sick.
Duvessa hits you with a +4 short sword of venom.
You are more poisoned.
You barely miss Duvessa.
Duvessa is lightly wounded.
You feel very sick.
Dowan shouts!
Duvessa hits you with a +4 short sword of venom.
You are lethally poisoned!
You hit Duvessa. Your headbutt misses Duvessa.
Duvessa is lightly wounded.
* * * LOW HITPOINT WARNING * * *
You feel extremely sick.
Duvessa hits you with a +4 short sword of venom.
* * * LOW HITPOINT WARNING * * *
You are more poisoned.
You hit Duvessa.
Duvessa is moderately wounded.
* * * LOW HITPOINT WARNING * * *
You feel extremely sick.
* * * LOW HITPOINT WARNING * * *
You feel very sick. Dowan hits you with a +0 dagger.
* * * LOW HITPOINT WARNING * * *
You die...

#......................#.....#
#......................'.....#
#......###..##.........#.....#
#......# ##.##.........#.....#
#......# #.##.........#######
#......# #.###........#.(.#
#......# #_# #........#...#
#......########e.......#...# .
#.........#1#@.......|.#...# .
#.........###e##########...#..
###+###.......#.......##...#..
#.......#............'..
#.......#..........).#
#.......#............##
#.......###'######....#
#..).............###+##
#..................


You could see Duvessa and Dowan.

Vanquished Creatures
  2 ogres (D:5)
  A phantom (D:4)
  A bullfrog (D:4)
  2 jellies (D:4)
  A hound (D:5)
  2 iguanas
  2 orc wizards (D:4)
  A hound skeleton (D:4)
  3 adders
  A shadow imp (D:5)
  5 orcs
  8 ball pythons
  8 endoplasms
  3 giant cockroaches
  6 goblins
  5 hobgoblins
  6 jackals
  2 kobolds
  5 quokkas
  6 bats
  4 rats (D:1)
74 creatures vanquished.

Vanquished Creatures (others)
  An orc (D:4)
1 creature vanquished.

Grand Total: 75 creatures vanquished

Notes
Turn   | Place    | Note
-------+----------+-------------------------------------------
     0 | D:1      | siradein the Minotaur Gladiator began the quest for the
                  | Orb.
     0 | D:1      | Reached XP level 1. HP: 18/18 MP: 0/0
    50 | D:1      | Reached XP level 2. HP: 16/25 MP: 1/1
   203 | D:1      | Found Moeskodu's Antique Armour Boutique.
   268 | D:1      | Reached skill level 4 in Staves
   828 | D:2      | Reached XP level 3. HP: 31/31 MP: 2/2
   969 | D:2      | Found a faded altar of an unknown god.
  1004 | D:2      | Found a broken altar of Ashenzari.
  1077 | D:2      | Reached skill level 1 in Armour
  1127 | D:2      | Reached XP level 4. HP: 16/38 MP: 3/3
  2808 | D:4      | Reached XP level 5. HP: 46/46 MP: 4/4
  3145 | D:4      | Reached skill level 5 in Staves
  3274 | D:4      | Reached XP level 6. HP: 18/53 MP: 5/5
  3570 | D:4      | Found a shadowy altar of Dithmenos.
  3706 | D:4      | Reached skill level 5 in Dodging
  4043 | D:5      | Entered Level 5 of the Dungeon
  4117 | D:5      | Found a burning altar of Makhleb.
  4117 | D:5      | Noticed an Executioner
  4129 | D:5      | Reached skill level 5 in Fighting
  4233 | D:5      | Found a staircase to the Ecumenical Temple.
  4245 | D:5      | Reached XP level 7. HP: 61/61 MP: 6/6
  4252 | Temple   | Entered the Ecumenical Temple
  4331 | Temple   | Became a worshipper of Warmaster Okawaru
  4467 | D:5      | Reached skill level 6 in Staves
  4482 | D:5      | Noticed Dowan
  4536 | D:5      | Noticed Duvessa
  4556 | D:5      | HP: 2/61 [poisoned by Duvessa]
  4557 | D:5      | Succumbed to Duvessa's poison

Illustrated notes

Levels and vault maps discovered:
D:1:      matt_arrival_grand_opening, layout_loops_ring, serial_shops, shop
D:2:      layout_basic, ebering_ecumenical_altar_box, basic_altar,
          kennysheep_boxes
D:3:      layout_basic
D:4:      layout_basic, mainiacjoe_overflow_alcove_4, serial_co_window_serial,
          co_window_paths_a, co_window_paths_a, co_window_corner_a,
          co_window_corner_a, co_window_paths_a, co_window_corner_a,
          co_window_of_opportunity_a, co_window_corner_a, co_window_paths_a,
          co_window_unsneaky_path_b, co_window_corner_ca,
          co_window_of_opportunity_b, co_window_broadway_b, co_window_paths_d,
          glass_columns_a, glass_columns_a, glass_columns_b, glass_columns_b,
          glass_columns_c
D:5:      layout_gridville, makhleb_altar_promises_db,
          minmay_temple_entry_statues, uniq_duvessa
Temple:   dpeg_five_rooms_temple

Skill      XL: |  1  2  3  4  5  6  7 |
---------------+----------------------+-----
Staves         | 4 5 6 |  6.0
Fighting       | 3 4 5 |  5.3
Armour         | 1 2 3 4 |  4.1
Dodging        | 4 5 |  5.4
Throwing       | |  2.0

Action                   |  1- 3 |  4- 6 |  7- 9 || total
-------------------------+-------+-------+-------++-------
Melee: Quarterstaff      |    54 |   105 |    17 ||   176
       Headbutt          |     7 |    22 |     6 ||    35
Throw: Throwing net      |       |     1 |     1 ||     2
  Use: Scroll            |       |     7 |       ||     7
 Stab: Sleeping          |     1 |       |       ||     1
       Held in net/web   |       |       |     1 ||     1
Armor: Leather armour    |     7 |       |       ||     7
       Ring mail         |     4 |    23 |       ||    27
Dodge: Dodged            |    38 |    58 |     4 ||   100

Table legend: (Time is in decaauts)
 A = Elapsed time spent in this place.
 B = Non-inter-level travel time spent in this place.
 C = Inter-level travel time spent in this place.
 D = Time resting spent in this place.
 E = Time spent auto-exploring this place.
 F = Levels seen in this place.
 G = Mean time per level.
                   A        B        C        D        E       F      G
               +--------+--------+--------+--------+--------+-----+--------+
         Total |   4566 |   4406 |    160 |     48 |   3852 |   6 |  761.0 |
       Dungeon |   4437 |   4326 |    111 |     48 |   3781 |   5 |  887.4 |
        Temple |    128 |     79 |     49 |      0 |     71 |   1 |  128.0 |
               +--------+--------+--------+--------+--------+-----+--------+

Top non-repeatable levels by time:
     D:4: 1688 daAuts
     D:1: 822 daAuts
     D:2: 795 daAuts
     D:3: 746 daAuts
     D:5: 385 daAuts
  Temple: 128 daAuts
